[Event "Titled Tuesday Blitz November 14 Early 2023"]
[White "Osinovsky, Stepan"]
[Black "Sharapov, Evgeny"]
[WhiteFideId "4157354"]
[BlackFideId "14103133"]
[WhiteElo "2437"]
[BlackElo "2561"]
[Result "0-1"]
[Round "8"]
[TimeControl "180+1"]
[Date "2023.11.14"]
[WhiteClock "0:00:00"]
[BlackClock "0:01:41"]
[Board "95"]

1. e4 c5 2. Nf3 d6 3. d4 cxd4 4. Nxd4 Nf6 5. Nc3 Nbd7 6. Be3 g6 7. Qd2 h5 8. O-O-O Bg7 9. Kb1 a6 10. f4 O-O 11. h3 Nc5 12. Bd3 Nxd3 13. cxd3 b5 14. g4 b4 15. Nce2 Bb7 16. gxh5 Nxh5 17. f5 Qd7 18. Rhg1 Kh7 19. Ng3 Nxg3 20. Rxg3 Be5 21. Rg4 Rh8 22. fxg6+ fxg6 23. Rdg1 Rag8 24. Nf3 Bf6 25. Bd4 e5 26. Be3 d5 27. Bg5 Qe7 28. Bxf6 Qxf6 29. Nh4 dxe4 30. dxe4 Rg7 31. Nf5 Bxe4+ 32. Rxe4 gxf5 33. Rh4+ Qxh4 34. Rxg7+ Kxg7 35. Qd7+ Kg6 36. a3 Qe4+ 0-1


[Site "https://www.chess.com"]

[Event "Titled Tuesday Blitz November 14 Early 2023"]
[White "FREDERICKtheMATE"]
[Black "Azali, Tannaz"]
[BlackFideId "12537721"]
[WhiteElo "2559"]
[BlackElo "2412"]
[Result "1-0"]
[Round "8"]
[TimeControl "180+1"]
[Date "2023.11.14"]
[WhiteClock "0:02:14"]
[BlackClock "0:01:58"]
[Board "96"]

1. Nf3 Nf6 2. d4 e6 3. c4 Bb4+ 4. Bd2 Qe7 5. a3 Bxd2+ 6. Nbxd2 b6 7. e4 d6 8. h3 Bb7 9. Bd3 e5 10. d5 O-O 11. b4 a5 12. Nb3 axb4 13. axb4 Nbd7 14. O-O Nh5 15. g3 Rxa1 16. Qxa1 Ra8 17. Qb2 g6 18. Ra1 Qd8 19. Kg2 Ng7 20. Nfd2 f5 21. f3 c6 22. Rxa8 Qxa8 23. Qa1 Qxa1 24. Nxa1 b5 25. dxc6 Bxc6 26. cxb5 Bb7 27. Nab3 fxe4 28. fxe4 d5 29. Nc5 dxe4 30. Bc4+ 1-0


[Site "https://www.chess.com"]

[Event "Titled Tuesday Blitz November 14 Early 2023"]
[White "Lund, Gunnar"]
[Black "EvgenyBurmakin"]
[WhiteFideId "1520814"]
[WhiteElo "2557"]
[BlackElo "2370"]
[Result "0-1"]
[Round "8"]
[TimeControl "180+1"]
[Date "2023.11.14"]
[WhiteClock "0:00:23"]
[BlackClock "0:00:09"]
[Board "97"]

1. h3 e5 2. a3 d5 3. e3 Nf6 4. d3 Nc6 5. Nc3 g6 6. Bd2 Bg7 7. e4 O-O 8. Qc1 Re8 9. Bh6 Bh8 10. Nf3 dxe4 11. dxe4 Nd4 12. Bd3 Nxf3+ 13. gxf3 Nh5 14. Qe3 Qf6 15. O-O-O c6 16. Bg5 Qe6 17. Rhg1 b5 18. Kb1 a5 19. Qc5 Bg7 20. Ne2 Bf8 21. Qe3 b4 22. a4 b3 23. c3 Ba6 24. Nc1 c5 25. Bxa6 Rxa6 26. Qd3 c4 27. Qd5 Qc8 28. Be3 Nf6 29. Qb5 Ra8 30. Rg5 Qc7 31. Qb6 Qxb6 32. Bxb6 Ra6 33. Bd8 Nh5 34. Bc7 f6 35. Rgg1 Nf4 36. Rd7 Re7 37. Rd6 Rxd6 38. Bxd6 Rd7 39. Bxf8 Kxf8 40. Nxb3 cxb3 41. Rc1 Ne2 42. Re1 Nf4 43. Rc1 Nd3 44. Rd1 Nc5 45. Re1 Nxa4 46. c4 Nc5 47. Re3 a4 48. f4 Rd1# 0-1


[Site "https://www.chess.com"]

[Event "Titled Tuesday Blitz November 14 Early 2023"]
[White "Mejia, Cherry Ann"]
[Black "Reprintsev, Alexander"]
[WhiteFideId "5206880"]
[BlackFideId "14100541"]
[WhiteElo "2369"]
[BlackElo "2548"]
[Result "0-1"]
[Round "8"]
[TimeControl "180+1"]
[Date "2023.11.14"]
[WhiteClock "0:00:00"]
[BlackClock "0:00:37"]
[Board "98"]

1. e4 d5 2. exd5 Qxd5 3. Nc3 Qa5 4. d4 Nf6 5. Nf3 Nc6 6. Bb5 Ne4 7. Bxc6+ bxc6 8. Bd2 Nxc3 9. Bxc3 Qd5 10. h3 Ba6 11. Qd2 e6 12. b3 Qe4+ 13. Kd1 Be7 14. Re1 Qg6 15. g4 h5 16. Ne5 Qh6 17. Qxh6 Rxh6 18. Nxc6 hxg4 19. Nxe7 Kxe7 20. hxg4 Rh2 21. f4 Rd8 22. Kc1 Rf2 23. f5 Be2 24. fxe6 fxe6 25. g5 Rd5 26. Rg1 Bh5 27. Kb2 Bg6 28. Rac1 Rff5 29. Bb4+ Kd7 30. Bc5 Rxg5 31. Bxa7 Be4 32. c4 Rdf5 33. Rce1 Rxg1 34. Rxg1 g5 35. Bc5 Bf3 36. a4 g4 37. a5 Kc6 38. a6 Rg5 39. Ra1 Rg8 40. a7 Kb7 41. Re1 g3 42. Rxe6 g2 43. d5 g1=Q 44. Bxg1 Rxg1 45. Re7 Rg8 46. d6 Kxa7 47. Rxc7+ Kb6 48. c5+ Kb5 49. d7 Rd8 50. Kc3 Bc6 51. b4 Bxd7 52. Rb7+ Kc6 53. Rb6+ Kc7 54. b5 Bf5 55. Ra6 Rd3+ 56. Kc4 Rd1 57. Ra7+ Kb8 58. Rf7 Be6+ 59. Kb4 Bxf7 60. c6 Kc7 61. Kc5 Rc1+ 0-1


[Site "https://www.chess.com"]

[Event "Titled Tuesday Blitz November 14 Early 2023"]
[White "Bommini Mounika Akshaya"]
[Black "Yaksin, Oleg"]
[WhiteFideId "25019872"]
[BlackFideId "24105880"]
[WhiteElo "2317"]
[BlackElo "2540"]
[Result "0-1"]
[Round "8"]
[TimeControl "180+1"]
[Date "2023.11.14"]
[WhiteClock "0:00:09"]
[BlackClock "0:00:48"]
[Board "99"]

1. d4 Nf6 2. c4 e6 3. Nc3 Bb4 4. e3 O-O 5. Bd2 d5 6. Nf3 Nbd7 7. cxd5 exd5 8. Bd3 Re8 9. O-O c6 10. Qc2 Qe7 11. a3 Bd6 12. b4 a6 13. Rfe1 Ne4 14. Na4 f5 15. Nc5 Ndf6 16. h3 g5 17. a4 g4 18. hxg4 fxg4 19. Nh2 g3 20. fxg3 Bxg3 21. Rf1 Bxh2+ 22. Kxh2 Ng4+ 23. Kg1 Qh4 24. Rf4 Qh2+ 25. Kf1 Nxd2+ 26. Qxd2 Nxe3+ 27. Ke2 Qxf4 0-1


[Site "https://www.chess.com"]

[Event "Titled Tuesday Blitz November 14 Early 2023"]
[White "Herman, Matthew"]
[Black "ilya2700"]
[WhiteFideId "2028964"]
[WhiteElo "2529"]
[BlackElo "2284"]
[Result "1-0"]
[Round "8"]
[TimeControl "180+1"]
[Date "2023.11.14"]
[WhiteClock "0:00:07"]
[BlackClock "0:00:00"]
[Board "100"]

1. e4 c5 2. Nf3 e6 3. d4 cxd4 4. Nxd4 Nf6 5. Nc3 Nc6 6. Ndb5 Bb4 7. a3 Bxc3+ 8. Nxc3 d5 9. Bd3 dxe4 10. Nxe4 Nxe4 11. Bxe4 Qxd1+ 12. Kxd1 Bd7 13. Be3 O-O-O 14. Kc1 Rhf8 15. f3 f5 16. Bxc6 Bxc6 17. Bxa7 g5 18. Rg1 g4 19. f4 Rd5 20. Re1 Rfd8 21. Be3 e5 22. b3 exf4 23. Bxf4 Rd4 24. g3 Re4 25. Kb2 Rde8 26. Rxe4 Rxe4 27. Rd1 Re2 28. Rd2 Rxd2 29. Bxd2 Kd7 30. c4 Kd6 31. Bf4+ Kc5 32. Kc3 Bf3 33. b4+ Kc6 34. b5+ Kc5 35. a4 Be2 36. Be3+ Kd6 37. Kd4 b6 38. Bf4+ Ke6 39. Bc7 Bd1 40. Bxb6 Bxa4 41. Bc7 h5 42. Kc5 Kd7 43. Bf4 Kc8 44. Kb6 Bc2 45. c5 Be4 46. c6 Bf3 47. Kc5 Be4 48. b6 Bf3 49. b7+ 1-0


[Site "https://www.chess.com"]

[Event "Titled Tuesday Blitz November 14 Early 2023"]
[White "Suduvasachmatai"]
[Black "Kovacsy, Barnabas"]
[BlackFideId "769290"]
[WhiteElo "2232"]
[BlackElo "2520"]
[Result "1-0"]
[Round "8"]
[TimeControl "180+1"]
[Date "2023.11.14"]
[WhiteClock "0:00:11"]
[BlackClock "0:00:17"]
[Board "101"]

1. e4 c5 2. c3 d5 3. exd5 Qxd5 4. d4 Nf6 5. Nf3 e6 6. Be3 cxd4 7. cxd4 Nc6 8. Nc3 Qd8 9. Bb5 Bd7 10. O-O Be7 11. Re1 O-O 12. Ne5 a6 13. Bd3 Nb4 14. Bb1 Nbd5 15. Qc2 Rc8 16. Bg5 g6 17. Qd3 b5 18. Qf3 Nxc3 19. bxc3 Nd5 20. Bh6 Rxc3 21. Bd3 Bf6 22. Bxf8 Kxf8 23. Rac1 b4 24. Rxc3 bxc3 25. Be4 Bxe5 26. dxe5 Qa5 27. Bxd5 exd5 28. Rc1 d4 29. Qa8+ Kg7 30. Qe4 Qa3 31. Rf1 Qa4 32. Qf4 Bf5 33. g4 Bd3 34. Qf6+ Kf8 35. e6 Ke8 36. Qxf7+ Kd8 37. e7+ Kc7 38. e8=Q+ Kb6 39. Qxa4 1-0


[Site "https://www.chess.com"]

[Event "Titled Tuesday Blitz November 14 Early 2023"]
[White "Jovic, Stanoje"]
[Black "Ghosh, Chanchal Kumer"]
[WhiteFideId "905020"]
[BlackFideId "10201858"]
[WhiteElo "2516"]
[BlackElo "2145"]
[Result "1-0"]
[Round "8"]
[TimeControl "180+1"]
[Date "2023.11.14"]
[WhiteClock "0:00:45"]
[BlackClock "0:00:00"]
[Board "102"]

1. c4 e5 2. g3 Bc5 3. Bg2 Nc6 4. Nc3 a6 5. Nf3 d6 6. O-O Nge7 7. e3 O-O 8. d4 exd4 9. exd4 Ba7 10. a3 Bg4 11. Be3 Nf5 12. h3 Bxf3 13. Bxf3 Nfxd4 14. Bxd4 Nxd4 15. Bxb7 Rb8 16. Bxa6 Rxb2 17. Nb5 Ne2+ 18. Kh2 Bc5 19. Bb7 Qg5 20. Qd3 h5 21. h4 Qf6 22. Bf3 Nd4 23. Nxd4 Bxd4 24. Kg2 g6 25. a4 Rfb8 26. a5 R2b3 27. Qe4 Bxa1 28. a6 Rxf3 29. a7 Rd8 30. a8=Q 1-0


[Site "https://www.chess.com"]

[Event "Titled Tuesday Blitz November 14 Early 2023"]
[White "Zavgorodniy, Sergiy"]
[Black "Haitin, Ilja"]
[WhiteFideId "14110148"]
[BlackFideId "4501764"]
[WhiteElo "2688"]
[BlackElo "2418"]
[Result "1-0"]
[Round "8"]
[TimeControl "180+1"]
[Date "2023.11.14"]
[WhiteClock "0:00:10"]
[BlackClock "0:00:00"]
[Board "103"]

1. d4 d5 2. c4 dxc4 3. Nf3 Nf6 4. e3 Bg4 5. Bxc4 e6 6. Nbd2 Nbd7 7. O-O Bd6 8. Be2 O-O 9. Nc4 Be7 10. b3 Nb6 11. Nce5 Bh5 12. Bb2 Nfd7 13. Rc1 Nxe5 14. Nxe5 Bxe2 15. Qxe2 Nd7 16. Nxd7 Qxd7 17. Rc2 c6 18. Rfc1 a5 19. a4 Bb4 20. Qc4 Qd5 21. Bc3 Bxc3 22. Rxc3 f5 23. Qxd5 exd5 24. g3 g5 25. Rb1 Kg7 26. b4 axb4 27. Rxb4 Ra7 28. Rcb3 Rf7 29. Kg2 Kf6 30. a5 Ke6 31. Rb6 Kd6 32. a6 bxa6 33. Ra3 a5 34. Rc3 Rfc7 35. Rb8 a4 36. Ra3 c5 37. dxc5+ Kxc5 38. Rc3+ Kd6 39. Ra3 g4 40. h3 gxh3+ 41. Kxh3 Rc2 42. Kg2 Rc4 43. Kf3 d4 44. exd4 Rxd4 45. Rb5 Ke6 46. Ke3 Rc4 47. Kd3 Rc1 48. Rb4 Re1 49. Raxa4 Rxa4 50. Rxa4 Kf6 51. Kd2 Re7 52. Rh4 Kg5 53. Rf4 h5 54. Kd3 Re8 55. Rf3 Re7 56. Re3 Ra7 57. Ke2 Kg4 58. Rb3 Ra1 59. Rb4+ Kg5 60. Kf3 Ra3+ 61. Kg2 Rc3 62. Rb6 f4 63. Rb5+ Kg6 64. gxf4 Ra3 65. f3 Ra2+ 66. Kg3 Ra1 67. Rb6+ Kf5 68. Rb5+ Kg6 69. Rg5+ Kh6 70. Rc5 Ra2 71. Rc6+ Kg7 72. Kh4 Rh2+ 73. Kg5 h4 74. f5 h3 75. Rc7+ Kf8 76. Kf6 Ke8 77. Rh7 Rh1 78. Rh8+ Kd7 79. Kf7 h2 80. f6 Kd6 81. Rh5 Kd7 82. Kf8 Kd8 83. f7 Kd7 84. f4 Kd8 85. f5 Kd7 86. f6 Kd8 87. Rd5+ Kc7 88. Rd2 Kc8 89. Re2 Kd8 90. Rc2 Kd7 91. Rg2 Kd8 92. Kg7 Rg1 93. f8=Q+ Kd7 94. Qf7+ Kd8 95. Qd5+ 1-0


[Site "https://www.chess.com"]

[Event "Titled Tuesday Blitz November 14 Early 2023"]
[White "Mayaud, Raphael"]
[Black "Lukovic, Vladimir"]
[WhiteFideId "627151"]
[BlackFideId "942952"]
[WhiteElo "2416"]
[BlackElo "2675"]
[Result "0-1"]
[Round "8"]
[TimeControl "180+1"]
[Date "2023.11.14"]
[WhiteClock "0:00:00"]
[BlackClock "0:00:17"]
[Board "104"]

1. d4 d5 2. c4 c6 3. Nf3 Nf6 4. Nc3 g6 5. cxd5 cxd5 6. Bf4 Bg7 7. e3 O-O 8. Be2 Nh5 9. Bg5 h6 10. Bh4 g5 11. Bg3 Nxg3 12. hxg3 Nc6 13. O-O Na5 14. Rc1 e6 15. Bd3 Bd7 16. Bb1 f5 17. Ne5 Bxe5 18. dxe5 Nc4 19. Qh5 Kg7 20. g4 Qe8 21. Qxe8 Raxe8 22. gxf5 Nxe5 23. fxe6 Bxe6 24. Nb5 Re7 25. b3 a6 26. Nd4 Kf6 27. Rc3 Nf7 28. Rfc1 Nd6 29. Rc7 Rff7 30. Rxe7 Rxe7 31. Bd3 h5 32. Rc5 h4 33. f3 Bf7 34. Kf2 Rd7 35. Rc3 Ke7 36. f4 Kf6 37. Rc5 Re7 38. fxg5+ Kxg5 39. e4 Rxe4 40. Nf3+ Kf6 41. Rc7 Re7 42. Rc5 Ne4+ 43. Bxe4 dxe4 44. Nxh4 e3+ 45. Ke1 Re4 46. Nf3 Rg4 47. Kf1 Bg6 48. Kg1 Be4 49. Kf1 Rg3 50. Rc3 Bxf3 51. gxf3 Rxf3+ 52. Ke2 Rf2+ 53. Kxe3 Rxa2 54. Kd4 Ra5 55. Rc7 Rb5 56. Kc4 Ke6 57. b4 Kd6 58. Rh7 Kc6 59. Rh6+ Kc7 60. Rh7+ Kb8 61. Rh8+ Ka7 62. Rh7 Rg5 63. Rf7 Rh5 64. Kb3 Rh4 65. Ka3 Kb6 66. Rf5 Kc6 67. Rg5 b6 68. Rg6+ Kb5 69. Rg5+ Kc4 70. Rg6 Rh3+ 71. Ka4 b5+ 72. Ka5 Ra3+ 73. Kb6 Kxb4 74. Kb7 a5 75. Rg4+ Kb3 76. Kb6 b4 77. Kb5 Kc3 78. Rg3+ Kd4 79. Rg4+ Ke5 80. Rg2 Ra1 81. Rc2 b3 82. Rb2 a4 83. Kb4 Kd4 84. Rd2+ Ke3 85. Rh2 Ra2 86. Rh3+ Kf4 87. Rh1 b2 88. Kc3 a3 0-1


[Site "https://www.chess.com"]

[Event "Titled Tuesday Blitz November 14 Early 2023"]
[White "Wu, Derek"]
[Black "Nastase, Robert-Paul"]
[WhiteFideId "30914558"]
[BlackFideId "1221175"]
[WhiteElo "2658"]
[BlackElo "2410"]
[Result "1-0"]
[Round "8"]
[TimeControl "180+1"]
[Date "2023.11.14"]
[WhiteClock "0:01:12"]
[BlackClock "0:00:04"]
[Board "105"]

1. d4 a6 2. e4 c6 3. Bd3 d5 4. e5 c5 5. dxc5 Nc6 6. f4 e6 7. Be3 d4 8. Bf2 Bxc5 9. a3 a5 10. Nd2 f5 11. exf6 Nxf6 12. Ne4 Nxe4 13. Bxe4 Kd7 14. Qh5 b6 15. Nf3 Bb7 16. O-O-O Kc7 17. Bxc6 Bxc6 18. Bxd4 Qe7 19. Rhe1 Rad8 20. Bxc5 Qxc5 21. Qf7+ Kb8 22. Qxg7 Rhg8 23. Rxd8+ Rxd8 24. Ne5 Rc8 25. Nxc6+ Rxc6 26. Qe5+ Kb7 27. Qxc5 Rxc5 28. Rxe6 1-0


[Site "https://www.chess.com"]

[Event "Titled Tuesday Blitz November 14 Early 2023"]
[White "Marcziter, Dmitrii"]
[Black "Nagare Kaivalya Sandip"]
[WhiteFideId "13900765"]
[BlackFideId "25957929"]
[WhiteElo "2408"]
[BlackElo "2653"]
[Result "0-1"]
[Round "8"]
[TimeControl "180+1"]
[Date "2023.11.14"]
[WhiteClock "0:00:06"]
[BlackClock "0:00:43"]
[Board "106"]

1. d4 Nf6 2. c4 g6 3. Nf3 Bg7 4. g3 O-O 5. Bg2 d6 6. Nc3 Nc6 7. O-O Na5 8. b3 Bg4 9. Ne1 c5 10. Bb2 cxd4 11. Qxd4 Nc6 12. Qd2 h5 13. h3 Be6 14. Nd3 Qd7 15. Kh2 Rad8 16. Nf4 Bf5 17. e4 Be6 18. Nxe6 fxe6 19. Rad1 e5 20. Ne2 h4 21. g4 Kh7 22. f4 exf4 23. Nxf4 Bh6 24. Qc2 Nxg4+ 25. hxg4 Bxf4+ 26. Kh3 Ne5 27. Bf3 Nxf3 28. Rxf3 Be5 29. Rdf1 Rxf3+ 30. Rxf3 Qe6 31. Bxe5 dxe5 32. Qf2 Kg7 33. Kxh4 g5+ 34. Kg3 Rh8 35. Rf5 Qh6 36. Kf3 e6 37. Rxe5 Qf6+ 0-1


[Site "https://www.chess.com"]

[Event "Titled Tuesday Blitz November 14 Early 2023"]
[White "Yen, William"]
[Black "Ron_Weasley_Chess"]
[WhiteFideId "30932025"]
[WhiteElo "2639"]
[BlackElo "2400"]
[Result "1-0"]
[Round "8"]
[TimeControl "180+1"]
[Date "2023.11.14"]
[WhiteClock "0:00:43"]
[BlackClock "0:00:00"]
[Board "107"]

1. e4 c6 2. d4 d5 3. Nd2 dxe4 4. Nxe4 Nf6 5. Nxf6+ exf6 6. c3 Bd6 7. Bd3 O-O 8. Qc2 Re8+ 9. Ne2 h5 10. Be3 Nd7 11. O-O-O b5 12. d5 c5 13. Bxb5 Rb8 14. c4 a6 15. Ba4 Rb4 16. Rhe1 Re7 17. Bxd7 Bxd7 18. Ng3 Bg4 19. f3 Rxe3 20. Rxe3 Bf4 21. Re1 Qa5 22. Kb1 Bxe3 23. Rxe3 Bd7 24. Nxh5 Qc7 25. Ng3 Qf4 26. Re4 Qh6 27. h3 Qg5 28. Qf2 f5 29. f4 Qf6 30. a3 fxe4 31. axb4 Bf5 32. Nxf5 Qxf5 33. g4 e3+ 34. Qc2 Qxf4 35. Qd3 Qf3 36. d6 Qg3 37. d7 Qe1+ 38. Ka2 1-0


[Site "https://www.chess.com"]

[Event "Titled Tuesday Blitz November 14 Early 2023"]
[White "Borgaonkar Akshay"]
[Black "UK_23"]
[WhiteFideId "25639110"]
[WhiteElo "2630"]
[BlackElo "2399"]
[Result "1-0"]
[Round "8"]
[TimeControl "180+1"]
[Date "2023.11.14"]
[WhiteClock "0:02:07"]
[BlackClock "0:00:54"]
[Board "108"]

1. d4 d5 2. Bf4 Nf6 3. Nc3 e6 4. Nb5 Bb4+ 5. c3 Ba5 6. e3 O-O 7. Nf3 Nbd7 8. Bd3 a6 9. Na3 c5 10. Ne5 Bc7 11. O-O Nxe5 12. dxe5 Nd7 13. c4 Nxe5 14. Bxe5 Bxe5 15. Bxh7+ Kxh7 16. Qh5+ Kg8 17. Qxe5 dxc4 18. Nxc4 b5 19. Rfd1 Qe7 20. Nb6 Ra7 21. a4 f6 22. Qg3 e5 23. Nd5 Qf7 24. axb5 axb5 25. Nxf6+ 1-0


[Site "https://www.chess.com"]

[Event "Titled Tuesday Blitz November 14 Early 2023"]
[White "Hoffmann, Asa"]
[Black "Al-Tarboush, Ward"]
[WhiteFideId "2001470"]
[BlackFideId "7601450"]
[WhiteElo "2387"]
[BlackElo "2619"]
[Result "1-0"]
[Round "8"]
[TimeControl "180+1"]
[Date "2023.11.14"]
[WhiteClock "0:00:43"]
[BlackClock "0:01:24"]
[Board "109"]

1. d4 d5 2. Bg5 c5 3. dxc5 Nc6 4. c3 Nf6 5. Nd2 e5 6. Nb3 h6 7. Bxf6 Qxf6 8. Qxd5 Be6 9. Qf3 Qg5 10. e3 Rd8 11. Qg3 Qf5 12. Rc1 g5 13. Nf3 Bg7 14. Be2 O-O 15. O-O a5 16. h3 a4 17. Na1 Bxa2 18. Nc2 Be6 19. Nb4 Nxb4 20. cxb4 e4 21. Nd4 Bxd4 22. exd4 Rxd4 23. b5 Rb4 24. c6 bxc6 25. bxc6 Rxb2 26. Bg4 Qf4 27. Bxe6 fxe6 28. Qxf4 gxf4 29. c7 e3 30. c8=Q 1-0


[Site "https://www.chess.com"]

[Event "Titled Tuesday Blitz November 14 Early 2023"]
[White "Bodnaruk, Anastasia"]
[Black "Melikhov, Evgeny V."]
[WhiteFideId "4181751"]
[BlackFideId "4122046"]
[WhiteElo "2616"]
[BlackElo "2380"]
[Result "1/2-1/2"]
[Round "8"]
[TimeControl "180+1"]
[Date "2023.11.14"]
[WhiteClock "0:02:05"]
[BlackClock "0:00:59"]
[Board "110"]

1. e4 e5 2. Nf3 Nc6 3. Bb5 a6 4. Ba4 Nf6 5. O-O Nxe4 6. Re1 Nc5 7. Bxc6 dxc6 8. Nxe5 Be7 9. d4 Ne6 10. c3 O-O 11. Be3 f6 12. Nd3 f5 13. f4 Rf7 14. Ne5 Rf8 15. Nd2 c5 16. Ndf3 cxd4 17. Nxd4 Nxd4 18. Bxd4 c6 19. Qb3+ Qd5 20. Nxc6 bxc6 21. Rxe7 Qxb3 22. axb3 Rf7 23. Rae1 Bd7 24. Kf2 Rb8 25. b4 a5 26. Bc5 axb4 27. Bxb4 c5 28. Bxc5 Rxb2+ 29. R1e2 Rxe2+ 30. Rxe2 Bc6 31. Rd2 Rd7 32. Rxd7 Bxd7 33. Ke3 Kf7 34. Kd4 Ke6 35. Bf8 Bc6 36. g3 Be4 37. Bxg7 h5 38. Kc5 Bd3 39. c4 Be2 40. Bf8 Bf1 41. Kd4 Be2 42. c5 Bf3 43. Kc4 Kd7 44. Kb5 Bg2 45. Kc4 Ke6 46. Kd4 Bc6 1/2-1/2


[Site "https://www.chess.com"]

[Event "Titled Tuesday Blitz November 14 Early 2023"]
[White "MarijaKuznecova"]
[Black "Demin, Vladimir"]
[BlackFideId "4167457"]
[WhiteElo "2379"]
[BlackElo "2585"]
[Result "0-1"]
[Round "8"]
[TimeControl "180+1"]
[Date "2023.11.14"]
[WhiteClock "0:01:09"]
[BlackClock "0:01:30"]
[Board "111"]

1. e4 e5 2. Nf3 Nc6 3. d4 exd4 4. Nxd4 Nf6 5. Nxc6 bxc6 6. e5 Qe7 7. Qe2 Nd5 8. c4 Ba6 9. Nd2 g6 10. Ne4 Bg7 11. Bg5 Qb4+ 12. Qd2 Qxd2+ 13. Kxd2 Nb6 14. Re1 O-O 15. b3 Bxe5 16. Nc5 Bc8 17. Rxe5 f6 18. Bxf6 Rxf6 19. Ne4 Rf8 20. Bd3 d5 21. Ng5 Rxf2+ 22. Kc3 Bf5 23. Re7 c5 24. Rxc7 d4# 0-1


[Site "https://www.chess.com"]

[Event "Titled Tuesday Blitz November 14 Early 2023"]
[White "Jaskolka, Tomasz"]
[Black "Matveeva, Olga"]
[WhiteFideId "1170791"]
[BlackFideId "24107018"]
[WhiteElo "2557"]
[BlackElo "2375"]
[Result "1-0"]
[Round "8"]
[TimeControl "180+1"]
[Date "2023.11.14"]
[WhiteClock "0:00:05"]
[BlackClock "0:00:06"]
[Board "112"]

1. e4 c6 2. d4 d5 3. e5 c5 4. dxc5 e6 5. a3 Bxc5 6. b4 Bb6 7. Qg4 Ne7 8. Qxg7 Rg8 9. Qxh7 Nbc6 10. Nf3 Bd7 11. Bb2 Qc7 12. Nbd2 O-O-O 13. Qxf7 Rdf8 14. Qh7 Ng6 15. Bb5 Ncxe5 16. Bxd7+ Nxd7 17. O-O-O Bxf2 18. Nd4 Bxd4 19. Bxd4 e5 20. Bb2 Nf4 21. g3 Rh8 22. Qe7 Nd3+ 23. Kb1 Nf2 24. Nb3 Nxd1 25. Rxd1 Rxh2 26. Nc5 Rff2 27. Rxd5 Rd2 28. Bxe5 Rxd5 29. Bxc7 Kxc7 30. Ne6+ Kc6 31. Qd8 Rd1+ 32. Kb2 Rdd2 33. Qc7+ Kb5 34. Qxb7+ Kc4 35. Qc6+ 1-0


[Site "https://www.chess.com"]

[Event "Titled Tuesday Blitz November 14 Early 2023"]
[White "Dmitrenko, Viktor"]
[Black "Bilan, Danila"]
[WhiteFideId "14110270"]
[BlackFideId "24161918"]
[WhiteElo "2370"]
[BlackElo "2543"]
[Result "0-1"]
[Round "8"]
[TimeControl "180+1"]
[Date "2023.11.14"]
[WhiteClock "0:00:02"]
[BlackClock "0:00:55"]
[Board "113"]

1. e4 c6 2. d4 d5 3. Nc3 b5 4. a3 e6 5. Nf3 b4 6. axb4 Bxb4 7. exd5 cxd5 8. Bd2 Nf6 9. Bd3 a5 10. O-O Ba6 11. Nb5 O-O 12. Bg5 Be7 13. Nc3 Nc6 14. Re1 h6 15. Bh4 Rb8 16. Bxa6 Rxb2 17. Bd3 Bb4 18. Na4 Bxe1 19. Nxb2 Bc3 20. Rb1 Nxd4 21. Nxd4 Bxd4 22. Bh7+ Kxh7 23. Qxd4 g5 24. Bg3 Ne4 25. Nd3 Qc8 26. Rb2 Qc4 27. Qxc4 dxc4 28. Ne5 c3 29. Ra2 Rb8 30. h3 f5 31. Nf3 f4 32. Bxf4 Rb1+ 33. Kh2 gxf4 34. Rxa5 Nxf2 35. Ng1 Kg6 36. Ra4 e5 37. Rc4 e4 38. Rxc3 e3 39. Nf3 Rh1# 0-1


[Site "https://www.chess.com"]

[Event "Titled Tuesday Blitz November 14 Early 2023"]
[White "Mestnikov, Aisen"]
[Black "Silva Lucena, Cristian"]
[WhiteFideId "34130117"]
[BlackFideId "2232588"]
[WhiteElo "2368"]
[BlackElo "2537"]
[Result "1-0"]
[Round "8"]
[TimeControl "180+1"]
[Date "2023.11.14"]
[WhiteClock "0:01:23"]
[BlackClock "0:01:27"]
[Board "114"]

1. d4 d5 2. Nf3 Nf6 3. c4 dxc4 4. Nc3 a6 5. a4 c5 6. d5 e6 7. e4 exd5 8. exd5 Bg4 9. Bxc4 Nbd7 10. O-O Bd6 11. Re1+ Kf8 12. h3 Bh5 13. Be2 Qc7 14. Nd2 Bg6 15. Nc4 h6 16. Nxd6 Qxd6 17. g3 Kg8 18. Bf4 Qb6 19. Qd2 Kh7 20. Bf3 Rhe8 21. a5 Qb4 22. Rxe8 Rxe8 23. Ra4 Qb3 24. Bd1 1-0


[Site "https://www.chess.com"]

[Event "Titled Tuesday Blitz November 14 Early 2023"]
[White "Tifferet, Shaked"]
[Black "Degtiarev, Evgeny"]
[WhiteFideId "2811529"]
[BlackFideId "4149610"]
[WhiteElo "2523"]
[BlackElo "2362"]
[Result "0-1"]
[Round "8"]
[TimeControl "180+1"]
[Date "2023.11.14"]
[WhiteClock "0:01:40"]
[BlackClock "0:00:15"]
[Board "115"]

1. e4 e5 2. Nf3 Nc6 3. Nc3 Nf6 4. Be2 d5 5. exd5 Nxd5 6. O-O Nxc3 7. bxc3 e4 8. Nd4 Nxd4 9. cxd4 Qxd4 10. c3 Qd5 11. d4 exd3 12. c4 Qd4 13. Re1 Be7 14. Bf3 Be6 15. Bxb7 Rb8 16. Rb1 O-O 17. Be3 Qxc4 18. Bxa7 Rbd8 19. Qd2 Qc2 20. Qxc2 dxc2 21. Rbc1 Bb4 22. Rf1 Bf5 23. Be3 Ba3 24. Rce1 Bd3 25. f3 Bxf1 26. Kxf1 Rd1 27. Ke2 Rxe1+ 28. Kxe1 Re8 29. Be4 c1=Q+ 30. Bxc1 Bxc1 31. Kd1 Bf4 32. a4 Bxh2 33. a5 Bg1 34. Kc2 Ba7 35. a6 Re7 36. Kc3 g6 37. Kc4 Kg7 38. Kb5 Kf6 39. Kc6 Ke5 40. Bc2 f5 41. Bb3 h5 42. Kb7 c5+ 43. Kc6 h4 44. Bc4 g5 45. Bf1 g4 46. fxg4 fxg4 47. Kb5 Kf4 48. Bc4 h3 49. gxh3 gxh3 50. Bd5 h2 51. Kc6 Kg3 52. Kd6 Rh7 53. Be4 h1=Q 54. Bxh1 Rxh1 55. Kd5 Rh6 56. Kc4 Rxa6 57. Kb5 Re6 58. Kc4 Kf4 59. Kb5 Ke5 60. Kc4 Rd6 61. Kb5 c4 62. Kxc4 Rd4+ 63. Kb5 Bb8 64. Kc6 Bd6 65. Kb5 Kd5 66. Kb6 Rb4+ 67. Ka7 Kc6 68. Ka8 Ra4# 0-1


[Site "https://www.chess.com"]

[Event "Titled Tuesday Blitz November 14 Early 2023"]
[White "Manukian, Artak"]
[Black "Garrido, Denis"]
[WhiteFideId "13301373"]
[BlackFideId "601217"]
[WhiteElo "2522"]
[BlackElo "2358"]
[Result "1-0"]
[Round "8"]
[TimeControl "180+1"]
[Date "2023.11.14"]
[WhiteClock "0:01:21"]
[BlackClock "0:00:14"]
[Board "116"]

1. e4 c6 2. d4 d5 3. e5 Bf5 4. c4 e6 5. Nc3 Bb4 6. Qb3 Qb6 7. c5 Qa5 8. Bd2 Nd7 9. a3 Bxc3 10. Bxc3 Qc7 11. Ne2 Ne7 12. Ng3 Bg6 13. h4 h6 14. h5 Bh7 15. Qd1 O-O 16. Bd3 b6 17. b4 bxc5 18. bxc5 Rab8 19. Bxh7+ Kxh7 20. O-O f6 21. f4 Rf7 22. Qd3+ f5 23. Rab1 Rg8 24. Kf2 g6 25. Rh1 g5 26. Ne2 gxf4 27. Nxf4 Rg4 28. g3 Nf8 29. Rh3 Rfg7 30. Qa6 Ng8 31. Be1 Rxf4+ 32. gxf4 Nf6 33. Ba5 Ne4+ 34. Kf3 Qf7 35. Qc8 Kh8 36. Rb8 Rg8 37. Rb7 Rg3+ 38. Rxg3 Qxh5+ 39. Ke3 1-0


[Site "https://www.chess.com"]

[Event "Titled Tuesday Blitz November 14 Early 2023"]
[White "Pinto, Daniel"]
[Black "Zaksaite, Salomeja"]
[WhiteFideId "3303144"]
[BlackFideId "12801496"]
[WhiteElo "2516"]
[BlackElo "2345"]
[Result "0-1"]
[Round "8"]
[TimeControl "180+1"]
[Date "2023.11.14"]
[WhiteClock "0:00:00"]
[BlackClock "0:00:11"]
[Board "117"]

1. Nf3 Nf6 2. g3 g6 3. Bg2 Bg7 4. O-O d5 5. c4 O-O 6. d4 dxc4 7. Na3 Nc6 8. Nxc4 Be6 9. b3 Bd5 10. Bb2 a5 11. a4 Nb4 12. Rc1 b6 13. Re1 Na2 14. Ra1 Nb4 15. Ne3 Be4 16. Rc1 Bh6 17. Nd2 Bxg2 18. Nxg2 Qd5 19. Rc4 c6 20. e4 Qd7 21. Nf3 b5 22. Rc5 bxa4 23. bxa4 Rfb8 24. Ba3 Bf8 25. Ne5 Qb7 26. Bxb4 axb4 27. Nxc6 Rc8 28. d5 e6 29. Rb5 Qa6 30. Nxb4 Qxa4 31. Qxa4 Rxa4 32. Nc6 Nxe4 33. Ra5 Rxa5 34. Nxa5 exd5 35. Nb3 Rc2 36. Rd1 Nxf2 37. Rxd5 Nh3+ 38. Kf1 Rf2+ 0-1


[Site "https://www.chess.com"]